 Dungeon Crawl Stone Soup version 0.23-a0-338-g8ff0b24 (webtiles) character file.

11594 supaplexer the Nimble (level 11, 0/74 HPs)
             Began as an Octopode Wizard on Oct 18, 2018.
             Was an Elder of Vehumet.
             Slain by a basilisk (5 damage)
             ... on level 1 of the Lair of Beasts.
             The game lasted 00:48:23 (18276 turns).

supaplexer the Nimble (Octopode Wizard)            Turns: 18276, Time: 00:48:23

Health: 0/74       AC:  1    Str:  7    XL:     11   Next: 80%
Magic:  14/23      EV:  2    Int: 20    God:    Vehumet [****..]
Gold:   291        SH:  0    Dex: 14    Spells: 8/26 levels left

rFire    . . .     SeeInvis .   t - +2 whip (elec)
rCold    . . .     Gourm    .   (no shield)
rNeg     + + +     Faith    .   a - +0 hat
rPois    ∞         Spirit   .   (no amulet)
rElec    .         Reflect  .   D - ring of stealth
rCorr    .         Harm     .   (no ring)
MR       .....                  (no ring)
Stlth    ++++......             (no ring)
HPRegen  0.22/turn              (no ring)
MPRegen  0.18/turn              (no ring)
                                (no ring)
                                (no ring)

@: petrified
A: almost no armour, stealthy swim, amphibious, 8 rings, constrict 8, camouflage
1, gelatinous body 1
a: Renounce Religion


You were on level 1 of the Lair of Beasts.
You worshipped Vehumet.
Vehumet was greatly pleased with you.
You were not hungry.

You visited 3 branches of the dungeon, and saw 12 of its levels.

You collected 745 gold pieces.
You spent 454 gold pieces at shops.

Inventory:

Hand Weapons
 i - a +0 hunting sling
 t - a +2 whip of electrocution (weapon)
 C - a +2 whip of venom
 E - a +3 flail of protection
 L - a +2 vampiric falchion
Missiles
 e - 356 stones (quivered)
 h - 121 sling bullets
 m - 133 arrows
 J - 2 curare-tipped needles {!f}
 N - 8 needles of confusion
Armour
 a - a +0 hat (worn)
Jewellery
 D - a ring of stealth (left tentacle)
Wands
 j - a wand of enslavement (12)
 p - a wand of polymorph (17)
 v - a wand of random effects (59)
 y - a wand of iceblast (1)
Scrolls
 b - a scroll of enchant weapon
 g - 2 scrolls of amnesia
 l - 3 scrolls of immolation
 n - a scroll of fear
 o - 2 scrolls of magic mapping
 r - 4 scrolls of remove curse {@r2}
 w - 5 scrolls of teleportation
 F - 2 scrolls of blinking
 G - a scroll of random uselessness
 P - a scroll of brand weapon
Potions
 d - 2 potions of brilliance
 f - a potion of might
 k - 4 potions of lignification
 q - a potion of mutation
 u - 2 potions of heal wounds
 z - 3 potions of flight
 B - 6 potions of curing {@q1}
 H - 2 potions of haste
 I - 2 potions of berserk rage
 K - 2 potions of degeneration
 M - a potion of cancellation {unknown}
Comestibles
 c - 22 rations


   Skills:
 + Level 6.7 Fighting
 - Level 0.2 Maces & Flails
 + Level 10.2 Dodging
 - Level 2.6 Stealth
 + Level 8.4 Spellcasting
 * Level 9.1 Conjurations
 - Level 3.0 Summonings
 - Level 1.0 Translocations
 - Level 1.1 Fire Magic
 - Level 2.0 Air Magic
 - Level 1.0 Poison Magic
 - Level 5.0 Evocations


You had 8 spell levels left.
You knew the following spells:

 Your Spells              Type           Power        Failure   Level  Hunger
a - Magic Dart            Conj           ####         1%          1    None
b - Call Imp              Summ           ###.....     3%          2    None
c - Blink                 Tloc           N/A          9%          2    None
d - Mephitic Cloud        Conj/Pois/Air  ###.....     1%          3    None
e - Conjure Flame         Conj/Fire      ####....     1%          3    None
f - Sandblast             Erth           #.....       2%          1    None
g - Flame Tongue          Conj/Fire      ####.        1%          1    None
h - Lightning Bolt        Conj/Air       ####......   6%          5    #####..

Your spell library contained the following spells:

 Spells                   Type           Power        Failure   Level  Hunger
 Confusing Touch          Hex            #.....       9%          1    None
 Slow                     Hex            #.......     12%         2    None
 Gell's Gravitas          Tloc           ##........   16%         3    None
 Confuse                  Hex            #.......     24%         3    None
 Yara's Violent Unravell  Hex/Tmut       #.........   47%         5    #####..
 Petrify                  Tmut/Erth      #.......     63%         4    ###....
 Metabolic Englaciation   Hex/Ice        #.........   92%         5    #####..


Dungeon Overview and Level Annotations

Branches:
Dungeon (10/15)            Temple (1/1) D:5            Lair (1/6) D:9
    Orc: D:9-12

Altars:
Ashenzari
Cheibriados
Dithmenos
Elyvilon
Fedhas
Gozag
Hepliaklqana
Kikubaaqudgha
Makhleb
Nemelex Xobeh
Okawaru
Qazlal
Ru
Sif Muna
Trog
Uskayaw
Vehumet
Wu Jian
Xom
Yredelemnul
Zin
The Shining One
Beogh

Shops:
D:4 }   D:6 ?   D:9 %

Annotations:
D:3 exclusion: downstairs
D:10 1 runed door


Innate Abilities, Weirdness & Mutations

You cannot wear most types of armour.
You are very stealthy in the water. (Stealth+)
You are amphibious.
You can wear up to eight rings at the same time.
You can use your tentacles to constrict eight enemies at once.
Your skin changes colour to match your surroundings (Stealth+).
Your rubbery body absorbs attacks. (AC +1, EV +1)


Message History

* * * LOW HITPOINT WARNING * * *
Your crimson imp barely misses the basilisk.
Your white imp closely misses the basilisk.
The basilisk bites you.
Your crimson imp closely misses the basilisk.
Your white imp misses the basilisk.
The basilisk gazes at you.
Your crimson imp hits the basilisk.
Your white imp closely misses the basilisk.
Your crimson imp barely misses the basilisk.
The basilisk bites you!
* * * LOW HITPOINT WARNING * * *
Your white imp gestures at the basilisk.
The puff of frost hits the basilisk.
Your crimson imp hits the basilisk but does no damage.
The basilisk bites you!
* * * LOW HITPOINT WARNING * * *
Your white imp barely misses the basilisk.
Your crimson imp misses the basilisk.
The basilisk bites you!
You die...

#.....P#..#.########
#.........###
#.........#
###.........#
###P#.........#
##.............#
#..............#
#.#............#
#....5@.....#..
#....l##....###.
#....5####..#
#.....$. ..#
##.....## .# #.....#
....%.# ........
.........#


You could see a basilisk, a friendly crimson imp and a friendly white imp.

Vanquished Creatures
  3 hydras
  A centaur zombie (D:9)
  A spiny frog (Lair:1)
  A centaur skeleton (D:10)
  A komodo dragon (D:9)
  A troll (D:5)
  2 dream sheep (D:9)
  3 blink frogs
  3 hippogriffs
  Sigmund (D:3)
  5 wraiths (D:10)
  5 yaks
  3 fire bats (D:10)
  A basilisk (Lair:1)
  Eustachio (D:4)
  A water moccasin (Lair:1)
  3 porcupines (Lair:1)
  An orc warrior (D:8)
  3 ice beasts
  A sky beast (D:6)
  2 phantoms
  A necrophage (D:6)
  2 centaurs (D:8)
  5 ogres
  2 crocodiles
  3 big kobolds (D:9)
  6 bullfrogs
  A scorpion (D:5)
  2 killer bees (D:9)
  3 howler monkeys (D:9)
  A crimson imp (D:8)
  2 bullfrog zombies
  A jelly (D:5)
  A quasit (D:10)
  4 hounds
  2 bullfrog skeletons
  6 orc priests
  Terence (D:3)
  An iguana (D:9)
  Natasha (thrice) (D:3)
  6 orc wizards
  4 worker ants
  A killer bee zombie (D:10)
  A worker ant zombie (D:5)
  10 gnolls
  9 adders
  5 shadow imps
  An ooze (D:3)
  An adder zombie (D:9)
  4 worms
  A dart slug (D:2)
  5 leopard geckos
  34 orcs
  5 giant cockroaches
  5 goblins
  7 hobgoblins
  10 jackals
  5 quokkas
  3 ball pythons
  56 bats
  7 frilled lizards
  A jackal skeleton (D:7)
  5 kobolds
  A quokka zombie (D:5)
  3 rats
280 creatures vanquished.

Vanquished Creatures (collateral kills)
  A blink frog (Lair:1)
  A basilisk (Lair:1)
  Edmund (D:5)
  A porcupine (Lair:1)
  An ogre (D:4)
  A scorpion (D:5)
  An orc wizard (D:5)
  An iguana (D:4)
  A worker ant (D:5)
  A gnoll (D:3)
  An orc (D:5)
11 creatures vanquished.

Vanquished Creatures (others)
  An orc wizard (D:8)
  2 plants
3 creatures vanquished.

Grand Total: 294 creatures vanquished

Notes
Turn   | Place    | Note
-------+----------+-------------------------------------------
     0 | D:1      | supaplexer the Octopode Wizard began the quest for the Orb.
     0 | D:1      | Reached XP level 1. HP: 11/11 MP: 4/4
   528 | D:1      | Reached XP level 2. HP: 12/18 MP: 0/6
  1430 | D:1      | Learned a level 2 spell: Call Imp
  1433 | D:1      | Learned a level 2 spell: Blink
  1479 | D:2      | Reached skill level 1 in Fighting
  1749 | D:2      | Reached XP level 3. HP: 23/23 MP: 4/7
  2378 | D:1      | Learned a level 3 spell: Mephitic Cloud
  3060 | D:2      | Found an iron altar of Okawaru.
  3060 | D:2      | Found a white marble altar of Elyvilon.
  3432 | D:2      | Reached XP level 4. HP: 23/28 MP: 1/8
  3894 | D:3      | Noticed Sigmund
  3935 | D:3      | Noticed Natasha
  3943 | D:3      | Killed Natasha
  4350 | D:3      | Reached skill level 1 in Poison Magic
  4371 | D:3      | Reached skill level 1 in Air Magic
  4371 | D:3      | Reached XP level 5. HP: 33/33 MP: 1/9
  4821 | D:3      | Noticed Natasha
  4825 | D:3      | Killed Natasha
  4941 | D:3      | Noticed Terence
  4949 | D:3      | Killed Terence
  4969 | D:3      | Noticed Natasha
  4982 | D:3      | Killed Natasha
  4982 | D:3      | Reached skill level 3 in Dodging
  5295 | D:3      | Found a glowing golden altar of the Shining One.
  5695 | D:4      | Found Zubeburch's Gadget Shop.
  5700 | D:4      | Noticed an ogre
  5807 | D:4      | Noticed an ogre
  5807 | D:4      | Noticed an ogre
  5848 | D:3      | Killed Sigmund
  5848 | D:3      | Reached skill level 1 in Evocations
  5848 | D:3      | Reached XP level 6. HP: 39/39 MP: 1/10
  6003 | D:4      | Reached XP level 7. HP: 21/45 MP: 8/11
  6176 | D:4      | Noticed Eustachio
  6288 | D:4      | Killed Eustachio
  6394 | D:4      | Reached skill level 5 in Conjurations
  6558 | D:4      | You fall through a shaft for 2 floors!
  6577 | D:6      | Reached skill level 4 in Dodging
  6882 | D:5      | Entered Level 5 of the Dungeon
  6937 | D:5      | Reached XP level 8. HP: 50/50 MP: 8/14
  6994 | D:5      | Noticed Edmund
  7006 | D:5      | Killed Edmund
  7556 | D:5      | Found a staircase to the Ecumenical Temple.
  7789 | Temple   | Entered the Ecumenical Temple
  7861 | Temple   | Became a worshipper of Vehumet
  7917 | D:5      | Noticed a troll
  8146 | D:4      | Reached skill level 5 in Dodging
  8832 | D:3      | Found a hazy altar of Hepliaklqana.
  8832 | D:3      | Found a stormy altar of Qazlal.
  8832 | D:3      | Found a burning altar of Makhleb.
  9016 | D:4      | Bought a wand of enslavement (12) for 154 gold pieces
  9444 | D:6      | Reached skill level 5 in Spellcasting
  9868 | D:5      | Killed a troll
  9868 | D:5      | Reached XP level 9. HP: 54/54 MP: 13/17
 10093 | D:6      | Learned a level 3 spell: Conjure Flame
 10361 | D:6      | Found Lysk's Magic Scroll Boutique.
 10364 | D:6      | Bought a scroll of blinking for 75 gold pieces
 10364 | D:6      | Bought a scroll of magic mapping for 35 gold pieces
 10364 | D:6      | Bought a scroll of teleportation for 30 gold pieces
 10364 | D:6      | Bought a scroll of random uselessness for 10 gold pieces
 10364 | D:6      | Bought a scroll of identify for 20 gold pieces
 10588 | D:7      | Found an ornate altar of the Wu Jian Council.
 10628 | D:7      | Found a deep blue altar of Sif Muna.
 10667 | D:7      | Reached skill level 6 in Dodging
 10818 | D:7      | Found a shadowy altar of Dithmenos.
 10826 | D:7      | Reached skill level 1 in Fire Magic
 10865 | D:7      | You fall through a shaft for 2 floors!
 10878 | D:9      | Found a staircase to the Lair.
 10983 | D:7      | Found a sparkling altar of Nemelex Xobeh.
 11008 | D:7      | Found an opulent altar of Gozag.
 11188 | D:8      | Reached * piety under Vehumet
 11188 | D:8      | Offered knowledge of Sandblast by Vehumet.
 11205 | D:8      | Learned a level 1 spell: Sandblast
 11893 | D:8      | Found a runed door.
 12794 | D:8      | Offered knowledge of Flame Tongue by Vehumet.
 12796 | D:8      | Reached ** piety under Vehumet
 12952 | D:8      | Learned a level 1 spell: Flame Tongue
 12959 | D:8      | Found a roughly hewn altar of Beogh.
 13087 | D:6      | Bought a scroll of immolation for 35 gold pieces
 13087 | D:6      | Bought a scroll of amnesia for 35 gold pieces
 13087 | D:6      | Bought a scroll of identify for 20 gold pieces
 13087 | D:6      | Bought a scroll of identify for 20 gold pieces
 13087 | D:6      | Bought a scroll of identify for 20 gold pieces
 13130 | D:9      | Reached skill level 5 in Evocations
 13415 | D:9      | Reached skill level 7 in Dodging
 13415 | D:9      | Reached XP level 10. HP: 53/60 MP: 16/19
 13600 | D:9      | Found Uguwkup's Food Emporium.
 13614 | D:9      | Reached skill level 8 in Dodging
 14092 | D:9      | Noticed a three-headed hydra
 14109 | D:9      | Killed a three-headed hydra
 14292 | D:10     | Entered Level 10 of the Dungeon
 14584 | D:10     | Found a shimmering altar of Xom.
 14612 | D:10     | Reached skill level 9 in Dodging
 14770 | D:10     | Found a white marble altar of Elyvilon.
 14834 | D:10     | Offered knowledge of Throw Frost by Vehumet.
 14980 | D:10     | Found a runed door.
 14982 | D:10     | Found a snail-covered altar of Cheibriados.
 14996 | D:10     | Reached *** piety under Vehumet
 15114 | D:10     | Found an ornate altar of the Wu Jian Council.
 15154 | D:10     | Found a bloodstained altar of Trog.
 15165 | D:10     | Offered knowledge of Inner Flame by Vehumet.
 15165 | D:10     | Reached skill level 5 in Fighting
 15165 | D:10     | Reached XP level 11. HP: 29/71 MP: 16/22
 15516 | D:10     | Found a basalt altar of Yredelemnul.
 15894 | D:10     | Reached **** piety under Vehumet
 16135 | Lair:1   | Entered Level 1 of the Lair of Beasts
 16145 | Lair:1   | Noticed a four-headed hydra
 16152 | Lair:1   | Killed a four-headed hydra
 16424 | Lair:1   | Offered knowledge of Lightning Bolt by Vehumet.
 16442 | D:9      | Reached skill level 10 in Dodging
 16566 | D:9      | Learned a level 5 spell: Lightning Bolt
 17625 | Lair:1   | Noticed a six-headed hydra
 18051 | Lair:1   | Killed a six-headed hydra
 18276 | Lair:1   | Slain by a basilisk

Vault maps used:
D:1:      dpeg_arrival_arbitrary_c, grunt_decor_arrowhead
D:2:      gammafunk_temple_overflow_wave
D:3:      nicolae_overflow_hidden_temple, first_ration, uniq_sigmund,
          uniq_natasha, uniq_terence
D:4:      serial_shops, shop, uniq_eustachio
D:5:      minmay_temple_entry_statues_fountains, st_stairs_10, uniq_edmund
D:6:      serial_shops, nicolae_shop_behind_doors
D:7:      grunt_dithmenos_smoke, nicolae_gozag_cash_rules_everything_around_me,
          led_sif_pool, nicolae_overflow_crystal_walls, basic_altar
D:8:      lightli_church_of_beogh
D:9:      lair_entry_dummy, serial_shops, shop, hangedman_ranch
D:10:     due_megacathedral, st_stairs_10, uniq_sonja
Temple:   minmay_temple_bridge_abc
Lair:1:   minivault_25, beast_lair_carwin_11

Skill      XL: |  1  2  3  4  5  6  7  8  9 10 11 |
---------------+----------------------------------+-----
Conjurations   | 2 3 4 5 7 8 9 |  9.1
Fighting       | 1 2 5 6 |  6.7
Poison Magic   | 1 |  1.0
Air Magic      | 1 2 |  2.0
Summonings     | 2 3 |  3.0
Dodging        | 3 4 5 7 9 10 | 10.2
Evocations     | 1 2 3 5 |  5.0
Spellcasting   | 4 5 6 7 8 |  8.4
Fire Magic     | 1 |  1.1
Maces & Flails | |  0.2
Stealth        | |  2.6
Translocations | |  1.0

Action                   |  1- 3 |  4- 6 |  7- 9 | 10-12 || total
-------------------------+-------+-------+-------+-------++-------
Melee: Club              |     8 |       |       |       ||     8
       Unarmed           |     3 |       |       |       ||     3
       Constrict         |     3 |     6 |    25 |    12 ||    46
       Trident           |       |     6 |       |       ||     6
       Whip              |       |    23 |   114 |    92 ||   229
       Tentacles         |       |       |    19 |    10 ||    29
 Fire: Hunting sling     |    36 |     1 |    29 |       ||    66
 Cast: Magic Dart        |   102 |    86 |   300 |   275 ||   763
       Call Imp          |       |     7 |    37 |    26 ||    70
       Blink             |       |     2 |       |       ||     2
       Mephitic Cloud    |       |     1 |     5 |     8 ||    14
       Conjure Flame     |       |       |     2 |    20 ||    22
       Lightning Bolt    |       |       |       |     9 ||     9
Evoke: Wand              |       |     2 |     4 |    56 ||    62
  Use: Scroll            |       |     2 |    11 |     4 ||    17
       Potion            |       |       |     2 |       ||     2
 Stab: Paralysed         |       |     3 |     4 |       ||     7
       Distracted        |       |       |     3 |       ||     3
       Sleeping          |       |       |     1 |       ||     1
       Confused          |       |       |       |     2 ||     2
  Eat: Chunk             |     7 |     7 |    21 |    13 ||    48
       Ration            |       |       |     1 |     2 ||     3
Armor: Skin              |     8 |     1 |    16 |    26 ||    51
Dodge: Dodged            |    49 |    17 |   128 |   218 ||   412

Table legend:
 A = Non-vault XP
 B = Vault XP
 C = Vault XP percentage of total XP
 D = Non-vault monster count
 E = Vault monster count
 F = Vault count percentage of total count
                 A         B        C        D         E       F
            +---------+---------+-------+---------+---------+-------
      Total |   11841 |    4723 |  28.5 |     244 |      48 |  16.4
            +---------+---------+-------+---------+---------+-------
        D:1 |      34 |       0 |   0.0 |      18 |       0 |   0.0
        D:2 |      61 |       0 |   0.0 |      26 |       0 |   0.0
        D:3 |     148 |     286 |  65.9 |      18 |       3 |  14.3
        D:4 |     694 |     188 |  21.3 |      23 |       1 |   4.2
        D:5 |     395 |     582 |  59.6 |      16 |       3 |  15.8
        D:6 |     560 |       0 |   0.0 |      17 |       0 |   0.0
        D:7 |     266 |       0 |   0.0 |       8 |       0 |   0.0
        D:8 |     703 |     220 |  23.8 |      18 |      25 |  58.1
        D:9 |    2100 |    2292 |  52.2 |      15 |       9 |  37.5
       D:10 |    1945 |    1155 |  37.3 |      66 |       7 |   9.6
     Lair:1 |    4935 |       0 |   0.0 |      19 |       0 |   0.0
            +---------+---------+-------+---------+---------+-------
